AoeStats
← marko.cro

MegaRandom

506433235Analyzed
3v3 RM · 17d ago on Sep 13, 2026· 53m 11s· 6 players
Game mode
Random Map
Map size
Normal (6 player)
Population
200
Speed
Normal
Resources
Standard
Victory
Conquest
Starting age
Dark Age
Ending age
Imperial Age
RankedLock teamsTeams togetherTeam positionsShared explorationLock speedFull tech treeHidden civsTurbo modeCheats
Victory
Defeat
🇭🇺 Celts · Hungary
929
+16
🇪🇸 Khmer · Spain
917
+17
🇭🇺 Saracens · Hungary
914
+17
🇭🇷 Armenians · Croatia
960
-17
🇭🇷 Vietnamese · Croatia
945
-17
🇩🇪 Italians · Germany
911
-16
ChristyChicken [[ESP]]
0:38 Loom
12:41 Feudal Age
14:37 Town Watch
14:41 Double-Bit Axe
14:38 Horse Collar
21:34 Castle Age
21:16 Gold Mining
21:16 Stone Mining
22:38 Medium Warships
23:12 Stone Shaft Mining
25:11 Town Patrol
25:31 Bow Saw
27:21 Caravan
28:25 Gold Shaft Mining
28:57 Demolition Ship
30:04 Demolition Ship
34:04 Imperial Age
35:32 Wheelbarrow
35:36 Conscription
35:21 Tusk Swords
36:46 Elite Ballista Elephant
38:25 Scale Barding Armor
38:16 Fletching
41:07 Hand Cart
43:32 Chain Barding Armor
43:08 Bodkin Arrow
43:24 Forging
43:15 Padded Archer Armor
45:45 Double Crossbow
51:31 Ballistics
51:23 Fortified Wall
51:20 Siege Engineers
52:17 Chemistry
52:00 Hoardings
51:29 Bracer
51:44 Leather Archer Armor
Joe
11:49 Feudal Age
15:50 Castle Age
17:32 Fletching
23:11 Wheelbarrow
22:53 Scale Barding Armor
23:00 Forging
23:04 Double-Bit Axe
24:59 Medium Warships
25:57 Fishing Lines
26:19 Fletching
28:43 Bodkin Arrow
37:39 Imperial Age
37:17 Hand Cart
37:26 Chain Barding Armor
37:42 Iron Casting
37:37 Gillnets
38:04 Husbandry
38:19 Bloodlines
39:21 Chemistry
38:59 Heavy Warships
38:39 Bracer
44:19 Conscription
43:25 Elite Cannon Galleon
46:41 Blast Furnace
46:17 Plate Barding Armor
48:33 Caravan
52:02 Ballistics
mdave88
4:32 Loom
12:03 Feudal Age
12:46 Fishing Lines
17:39 Castle Age
18:02 Stone Mining
18:01 Double-Bit Axe
19:47 Bow Saw
20:58 Pikeman
21:43 Scale Mail Armor
28:40 Fletching
30:40 Gold Mining
31:08 Murder Holes
31:49 Bodkin Arrow
37:59 Imperial Age
37:29 Forging
37:56 Wheelbarrow
39:45 Chain Mail Armor
49:24 Cavalier
50:04 Husbandry
52:41 Scale Barding Armor
marko.cro
0:30 Loom
13:36 Feudal Age
14:52 Wheelbarrow
14:07 Double-Bit Axe
14:08 Horse Collar
14:30 Fishing Lines
14:55 Gold Mining
14:57 Stone Mining
16:19 Town Watch
21:58 Castle Age
21:20 Fletching
21:41 Forging
21:32 Scale Mail Armor
21:32 Padded Archer Armor
22:42 Arson
22:57 Squires
23:01 Gillnets
23:17 Heavy Plow
25:26 Chatras
26:18 Leather Archer Armor
26:39 Hand Cart
31:17 Imperial Age
29:56 Bodkin Arrow
30:36 Iron Casting
30:17 Chain Mail Armor
32:25 Town Patrol
34:07 Crop Rotation
34:47 Bow Saw
35:12 Ring Archer Armor
34:43 Bracer
35:13 Plate Mail Armor
35:26 Stone Shaft Mining
35:26 Elite Fire Lancer
39:29 Murder Holes
42:18 Ballistics
43:01 Chemistry
46:11 Pikeman
50:24 Halberdier
David Ygra
3:35 Loom
13:37 Feudal Age
14:40 Double-Bit Axe
14:38 Horse Collar
16:48 Wheelbarrow
17:29 Fishing Lines
18:06 Town Watch
24:39 Castle Age
23:05 Stone Mining
23:09 Gold Mining
26:01 Stone Shaft Mining
25:37 Heavy Plow
25:50 Bow Saw
26:11 Medium Warships
26:19 Pikeman
27:18 Fletching
30:42 Husbandry
33:05 Bloodlines
44:41 Imperial Age
45:04 Elite Genoese Crossbowman
46:23 Light Cavalry
47:55 Murder Holes
49:38 Treadmill Crane
Mr.q
6:02 Loom
14:08 Feudal Age
15:54 Horse Collar
16:02 Double-Bit Axe
16:11 Gold Mining
18:18 Wheelbarrow
21:55 Castle Age
20:18 Man-at-Arms
20:53 Fishing Lines
22:19 Long Swordsman
23:57 Medium Warships
25:16 Gold Shaft Mining
24:55 Bow Saw
24:40 Stone Mining
24:54 Heavy Plow
25:04 Squires
25:11 Gillnets
24:48 Two-Handed Swordsman
27:10 Fletching
28:59 Bodkin Arrow
29:08 Scale Mail Armor
30:37 Forging
33:25 Chain Mail Armor
33:45 Iron Casting
38:27 Fervor
41:04 Imperial Age
39:19 Gambesons
39:38 Padded Archer Armor
39:57 Champion
43:08 Fereters
43:26 Conscription
45:27 Sanctity
45:50 Plate Mail Armor
46:21 Blast Furnace
48:03 Arson
50:48 Hand Cart
53:30 Heavy Warships
Connection lost

Rejoining the realm…

Still unreachable

The connection could not be restored.

Session expired

The server has moved on; the page needs a fresh start.